 Dungeon Crawl Stone Soup version 0.18.1-50-g88ac8fd (webtiles) character file.

12024 varam the Basher (level 11, -3/69 HPs)
             Began as a Gargoyle Gladiator on Oct 20, 2016.
             Was an Elder of Okawaru.
             Shot with an arrow by Nessos (19 damage)
             ... on level 12 of the Dungeon.
             The game lasted 00:43:50 (13442 turns).

varam the Basher (Gargoyle Gladiator)              Turns: 13442, Time: 00:43:51

Health: -3/69      AC: 14    Str: 25    XL:     11   Next: 86%
Magic:  11/12      EV: 14    Int:  9    God:    Okawaru [****..]
Gold:   600        SH:  0    Dex: 10    Spells: 1 memorised, 8 levels left

rFire  . . .     SeeInvis +     d - +6 whip (elec)
rCold  . . .     Gourm    .     S - +0 robe of Reason {*Drain rElec Str+3}
rNeg   + . .     Faith    .     (no shield)
rPois  ∞         Spirit   .     c - +0 helmet
rElec  +         Dismiss  .     f - +2 cloak
rCorr  .         Reflect  .     L - +0 pair of gloves (curse)
SustAt .         Harm     .     (no boots)
MR     .....                    R - amulet of rage
Stlth  +.........               t - ring of see invisible
                                (no ring)

@: not resistant to hostile enchantments, very unstealthy
A: negative energy resistance 1, electricity resistance, unbreathing,
petrification resistance, rot immunity, AC +7
a: Heroism, Renounce Religion, Evoke Berserk Rage


You were on level 12 of the Dungeon.
You worshipped Okawaru.
Okawaru was greatly pleased with you.
You were not hungry.

You visited 2 branches of the dungeon, and saw 13 of its levels.

You collected 600 gold pieces.

Inventory:

Hand Weapons
 d - a +6 whip of electrocution (weapon)
 o - a +4 whip of draining
Missiles
 i - 5 silver tomahawks (quivered)
Armour
 c - a +0 helmet (worn)
 f - a +2 cloak (worn)
 B - a +1 ring mail of magic resistance
 F - a +0 large shield
 L - a cursed +0 pair of gloves (worn)
 S - the +0 robe of Reason (worn) {*Drain rElec Str+3}
   (You found it on level 8 of the Dungeon)

   It affects your strength (+3).
   It insulates you from electricity.
   It causes draining when unequipped.
 V - a +3 leather armour
Rods
 U - a +0 rod of inaccuracy (13/13)
   (You found it on level 9 of the Dungeon)
Jewellery
 m - an uncursed ring of positive energy
 p - an uncursed ring of magical power
 t - a ring of see invisible (right hand)
 C - an uncursed ring of positive energy
 R - an amulet of rage (around neck)
Wands
 Q - a wand of flame (30/48)
 W - a wand of lightning (5/15)
Scrolls
 e - 5 scrolls of teleportation
 n - 2 scrolls of amnesia
 s - 3 scrolls of noise
 w - 2 scrolls of recharging
 y - 4 scrolls of remove curse {@r2}
 z - a scroll of fog
 D - 4 scrolls of magic mapping
 I - a scroll of fear {unknown}
 J - a scroll of blinking {unknown}
 M - a scroll of holy word {unknown}
 O - a scroll of immolation {unknown}
Potions
 a - 2 potions of haste {unknown}
 b - 2 potions of flight {unknown}
 g - a potion of experience {unknown}
 j - a potion of cancellation {unknown}
 l - a potion of cure mutation {unknown}
 q - a potion of magic {unknown}
 r - 2 potions of ambrosia {unknown}
 u - 2 potions of degeneration {unknown}
 v - 3 potions of heal wounds {unknown}
 x - a potion of brilliance {unknown}
 A - 4 potions of curing {unknown}
 G - 3 potions of beneficial mutation {unknown}
 H - a potion of lignification {unknown}
 N - 2 potions of might {unknown}
 Y - a potion of berserk rage {unknown}
 Z - a potion of mutation {unknown}
Books
 K - a book of Air

   Spells                             Type                      Level
   a - Shock                          Conjuration/Air              1
   b - Swiftness                      Charms/Air                   2
   c - Repel Missiles                 Charms/Air                   2
   d - Static Discharge               Conjuration/Air              3
   e - Lightning Bolt                 Conjuration/Air              5
 X - a book of Frost

   Spells                             Type                      Level
   a - Freeze                         Ice                          1
   b - Throw Frost                    Conjuration/Ice              2
   c - Ozocubu's Armour               Charms/Ice                   3
   d - Throw Icicle                   Conjuration/Ice              4
   e - Summon Ice Beast               Ice/Summoning                4
Comestibles
 h - 3 beef jerkies
 k - 21 chunks of flesh
 E - a fruit
 P - 3 meat rations


   Skills:
 + Level 8.4 Fighting
 - Level 12.5(12.9) Maces & Flails
   Level 5.0(9.6) Staves
 - Level 1.7 Throwing
 + Level 6.6 Dodging
 - Level 3.9 Charms
 - Level 3.4 Air Magic
 + Level 2.5 Invocations
 + Level 2.2 Evocations


You had 8 spell levels left.
You knew the following spells:

 Your Spells              Type           Power        Failure   Level  Hunger
a - Repel Missiles        Chrm/Air       #.....       14%         2    ###....


Dungeon Overview and Level Annotations

Branches:
Dungeon (12/15)            Temple (1/1) D:6             Orc (0/2) D:12
   Lair: D:8-11

Altars:
Ashenzari
Cheibriados
Dithmenos
Elyvilon
Fedhas
Gozag
Kikubaaqudgha
Makhleb
Nemelex Xobeh
Okawaru
Pakellas
Qazlal
Ru
Sif Muna
Trog
Vehumet
Xom
Yredelemnul
Zin
The Shining One

Shops:
D:4 :   D:6 (

Portals:
Trove: D:10 (give 7 potions of agility)

Annotations:
D:12 Nessos


Innate Abilities, Weirdness & Mutations

You are resistant to torment.
Your stone body is resilient (AC +7).
You are immune to poison.
You resist negative energy.
You are resistant to electric shocks.
You can survive without breathing.
You are immune to petrification.
You are immune to rotting.


Message History

The killer bee dies!
A scorpion comes into view.
Nessos blinks!
You see here an arrow.
Nessos unwields an uncursed longbow of flaming.
It stops flaming.
Nessos barely misses you. Nessos hits you!
A wight comes into view. It is wielding a falchion of freezing.
You whack Nessos!
Nessos is severely wounded.
Nessos hits you!
* * * LOW HITPOINT WARNING * * *
Some of the chunks of flesh in your inventory have rotted away.
You hit Nessos but do no damage.
There is a sudden explosion of sparks!
Nessos is almost dead.
Nessos intently looks at you, slowly moving his tail.
Nessos blinks!
Nessos says, "I'll learn you. I'll learn you yet!"
Nessos wields an uncursed longbow of flaming.
It bursts into flame!
Nessos shoots an arrow.
The arrow hits you!!
You die...

....... #.#.# ...
..... #(#.. # .# .....
#c### .# #.#.# #(# [#
#.#.# #.# .#
#.#.###### #.# .#
#........###(#####
.####....# #.#.......#
.##....#.###)#.#@###.#
.......#..).)#)#.###.#
...######.##)...>#...#
##....# #.##.....##.##
#.##.# #.#....#.##.#
#.##.#######.##z##.#
##.#...#
#........#######
.....8)#
#.8.#....).....#
...#.))##
##...#..........#


You could see Nessos and a wight.

Vanquished Creatures
  The ghost of olma the Fighter, a novice TrBe of Trog (D:9)
  A queen ant (D:9)
  A hill giant (D:12)
  Pikel (D:8)
  A cyclops (D:8)
  The ghost of Monkfish the Covert, a novice KoBe of Trog (D:6)
  A centaur zombie (D:11)
  Psyche (D:8)
  2 gargoyles
  The ghost of olma the Fighter, an amateur MiBe of Okawaru (D:4)
  A troll (D:10)
  A two-headed ogre (D:10)
  Prince Ribbit (D:9)
  A yak (D:9)
  2 wyverns (D:8)
  A hungry ghost (D:6)
  A hippogriff (D:10)
  4 soldier ants (D:9)
  A water moccasin (D:10)
  9 orc warriors
  An ice beast (D:9)
  2 slaves (D:8)
  2 black bears
  3 sky beasts
  A phantom (D:8)
  A necrophage (D:7)
  4 ogres
  3 centaurs
  A crocodile (D:8)
  2 big kobolds
  8 giant frogs
  A wyvern skeleton (D:10)
  3 scorpions
  A killer bee (D:12)
  6 wights
  4 electric eels (D:10)
  A crimson imp (D:11)
  A giant frog zombie (D:7)
  3 quasits
  2 hounds
  15 orc wizards
  7 orc priests
  A jelly (D:10)
  Jessica (D:2)
  3 iguanas
  41 worker ants
  2 hound skeletons (D:5)
  Robin (D:2)
  A worker ant zombie (D:11)
  9 adders
  2 shadow imps
  An ooze (D:1)
  An adder zombie (D:6)
  An adder skeleton (D:4)
  3 dart slugs
  5 giant geckos
  61 orcs
  3 ball pythons
  10 bats
  6 giant cockroaches
  21 goblins
  8 hobgoblins
  11 jackals
  12 kobolds
  3 quokkas
  A giant gecko zombie (D:7)
  2 giant newts
  A jackal skeleton (D:7)
  A quokka skeleton (D:8)
  7 rats
324 creatures vanquished.

Vanquished Creatures (others)
  A slave (D:8)
  A killer bee (D:12)
2 creatures vanquished.

Grand Total: 326 creatures vanquished

Notes
Turn   | Place    | Note
--------------------------------------------------------------
     0 | D:1      | varam the Gargoyle Gladiator began the quest for the Orb.
     0 | D:1      | Reached XP level 1. HP: 12/12 MP: 1/1
   190 | D:1      | Reached XP level 2. HP: 18/18 MP: 2/2
   536 | D:1      | Reached XP level 3. HP: 15/22 MP: 3/3
   944 | D:2      | Found a faded altar to an unknown god.
  1129 | D:2      | Found a basalt altar of Yredelemnul.
  1341 | D:2      | Reached XP level 4. HP: 28/28 MP: 4/4
  1455 | D:2      | Noticed Jessica
  1457 | D:2      | Killed Jessica
  1611 | D:2      | Noticed Robin
  1627 | D:2      | Killed Robin
  1627 | D:2      | Reached XP level 5. HP: 30/32 MP: 5/5
  1865 | D:2      | Found a white marble altar of Elyvilon.
  2380 | D:3      | Reached skill level 1 in Maces & Flails
  2589 | D:3      | Noticed an ogre
  2679 | D:4      | Found Ojyupn's Book Shop.
  2690 | D:4      | Noticed olma's ghost (amateur MiBe)
  2699 | D:5      | Entered Level 5 of the Dungeon
  2801 | D:5      | Noticed a centaur
  2830 | D:5      | Killed a centaur
  2830 | D:5      | Reached skill level 2 in Maces & Flails
  2830 | D:5      | Reached XP level 6. HP: 29/38 MP: 6/6
  3173 | D:3      | Reached XP level 7. HP: 44/44 MP: 7/7
  3360 | D:4      | Reached skill level 3 in Maces & Flails
  3377 | D:4      | Reached skill level 5 in Fighting
  3550 | D:4      | Killed olma's ghost
  3797 | D:4      | Reached skill level 4 in Maces & Flails
  3896 | D:4      | Reached XP level 8. HP: 35/51 MP: 8/8
  5038 | D:5      | Reached skill level 5 in Dodging
  5520 | D:6      | Found Mixoisol's Weapon Boutique.
  5527 | D:6      | Learned a level 2 spell: Repel Missiles
  5858 | D:6      | Reached skill level 1 in Charms
  5872 | D:6      | Found a staircase to the Ecumenical Temple.
  5877 | D:6      | Noticed Monkfish's ghost (novice KoBe)
  5886 | Temple   | Entered the Ecumenical Temple
  5895 | Temple   | Reached skill level 1 in Air Magic
  5899 | Temple   | Reached skill level 5 in Maces & Flails
  6550 | D:6      | Killed Monkfish's ghost
  6550 | D:6      | Reached XP level 9. HP: 40/57 MP: 9/9
  8304 | D:8      | Reached skill level 5 in Staves
  8447 | D:8      | Reached XP level 10. HP: 64/64 MP: 10/10
  8587 | D:8      | Reached skill level 6 in Maces & Flails
  8619 | D:8      | Found an opulent altar of Gozag.
  8654 | D:8      | Found an oddly glowing altar of Pakellas.
  8666 | D:8      | Found an iron altar of Okawaru.
  8674 | D:8      | Found a shimmering altar of Xom.
  8691 | D:8      | Became a worshipper of Warmaster Okawaru
  8707 | D:8      | Found a blossoming altar of Fedhas.
  8717 | D:8      | Got a twisted robe
  8728 | D:8      | Identified the +0 robe of Reason {*Drain rElec Str+3} (You found it on level 8 of the Dungeon)
  8953 | D:8      | Noticed Psyche
  9108 | D:8      | Found a shattered altar of Ashenzari.
  9156 | D:8      | Reached skill level 7 in Maces & Flails
  9205 | D:8      | Noticed Pikel
  9622 | D:9      | Noticed a queen ant
  9865 | D:9      | Noticed Prince Ribbit
  9892 | D:9      | Reached skill level 8 in Maces & Flails
  9927 | D:9      | Killed Prince Ribbit
  9927 | D:9      | Reached * piety under Okawaru
 10113 | D:9      | Killed a queen ant
 10113 | D:9      | Reached skill level 9 in Maces & Flails
 10178 | D:9      | Reached ** piety under Okawaru
 10262 | D:9      | Reached skill level 10 in Maces & Flails
 10275 | D:9      | Noticed olma's ghost (novice TrBe)
 10530 | D:8      | Noticed a cyclops
 10552 | D:8      | Killed a cyclops
 10875 | D:8      | Killed Pikel
 10875 | D:8      | Reached skill level 11 in Maces & Flails
 10875 | D:8      | Reached XP level 11. HP: 60/68 MP: 11/11
 10884 | D:8      | Killed Psyche
 11397 | D:9      | Killed olma's ghost
 11540 | D:10     | Entered Level 10 of the Dungeon
 11555 | D:10     | Reached *** piety under Okawaru
 11850 | D:10     | Reached skill level 12 in Maces & Flails
 12253 | D:10     | Found a portal to a secret trove of treasure.
 12899 | D:11     | Noticed a white ugly thing
 12907 | D:11     | Noticed a sun demon
 12932 | D:12     | Reached skill level 1 in Invocations
 12932 | D:12     | Reached skill level 1 in Evocations
 13240 | D:12     | Found a staircase to the Orcish Mines.
 13242 | D:12     | Noticed a hill giant
 13254 | D:12     | Killed a hill giant
 13254 | D:12     | Reached **** piety under Okawaru
 13407 | D:12     | Noticed Nessos
 13442 | D:12     | Shot with an arrow by Nessos

Skill      XL: |  1  2  3  4  5  6  7  8  9 10 11 |
---------------+----------------------------------+-----
Dodging        | 3 4 5 6 |  6.6
Fighting       | 3 4 5 7 8 |  8.4
Staves         | 4 5 |  5.0
Maces & Flails | 2 4 5 11 12 | 12.5
Charms         | 2 3 |  3.9
Air Magic      | 2 3 |  3.4
Invocations    | 2 |  2.5
Evocations     | 2 |  2.2
Throwing       | |  1.7

Action                   |  1- 3 |  4- 6 |  7- 9 | 10-12 || total
-------------------------+-------+-------+-------+-------++-------
Melee: Quarterstaff      |    87 |       |    38 |       ||   125
       Whip              |    21 |   170 |   291 |   674 ||  1156
       Mace              |       |       |   105 |    10 ||   115
       Punch             |       |       |       |     1 ||     1
 Cast: Repel Missiles    |       |       |       |     3 ||     3
Invok: Heroism           |       |       |       |     6 ||     6
  Use: Potion            |       |       |     1 |       ||     1
       Scroll            |       |       |       |    16 ||    16
 Stab: Distracted        |       |     1 |       |       ||     1
  Eat: Chunk             |     1 |     4 |     7 |    10 ||    22
       Bread ration      |       |     1 |     3 |     1 ||     5
       Meat ration       |       |       |     3 |       ||     3
       Beef jerky        |       |       |       |     2 ||     2
Armor: Leather armour    |    46 |    32 |       |       ||    78
       Ring mail         |       |    45 |   254 |    23 ||   322
       Robe              |       |       |       |   127 ||   127
Dodge: Dodged            |    76 |    95 |   316 |   318 ||   805
       Deflected         |       |       |       |     9 ||     9
